 Dungeon Crawl Stone Soup version 0.25-a0-41-g6cf4ce537d (webtiles) character file.

Game seed: 17875354893395636951, levelgen mode: deterministic

234 Gumption the Grave Robber (level 6, 0/41 HPs)
             Began as a Human Necromancer on Oct 21, 2019.
             Slain by a bullfrog skeleton (5 damage)
             ... on level 4 of the Dungeon.
             The game lasted 00:40:38 (3889 turns).

Gumption the Grave Robber (Human Necromancer)       Turns: 3889, Time: 00:40:39

Health: 0/41       AC:  3    Str:  8    XL:     6   Next: 26%
Magic:  8/11       EV: 12    Int: 18    God:
Gold:   138        SH:  0    Dex: 13    Spells: 0/12 levels left

rFire    . . .     SeeInvis .   a - +0 trident
rCold    . . .     Gourm    .   (no shield)
rNeg     . . .     Faith    .   p - +0 robe
rPois    .         Spirit   .   f - +0 helmet
rElec    .         Reflect  .   (no cloak)
rCorr    .         Harm     .   (no gloves)
MR       .....                  (no boots)
Stlth    ++........             (no amulet)
HPRegen  1.13/turn              (no ring)
MPRegen  0.12/turn              (no ring)

@: regenerating (expiring)
A: no striking features
a: no special abilities


You were on level 4 of the Dungeon.
You were hungry.

You visited 1 branch of the dungeon, and saw 4 of its levels.

You collected 138 gold pieces.

Inventory:

Hand Weapons
 a - a +0 trident (weapon)
 b - a +1 dagger of venom
Missiles
 q - 49 stones (quivered)
Armour
 f - a +0 helmet (worn)
 p - a +0 robe (worn)
Jewellery
 d - an uncursed amulet of the acrobat {unknown}
 i - an uncursed amulet of magic regeneration {unknown}
 s - an uncursed ring of protection from magic {unknown}
Scrolls
 c - a scroll of magic mapping {unknown}
 h - 4 scrolls of identify {unknown}
 k - a scroll of immolation {unknown}
 m - a scroll of enchant armour {unknown}
 o - 2 scrolls of fear {unknown}
 t - a scroll of teleportation {unknown}
Potions
 g - a potion of flight {unknown}
 j - a potion of resistance {unknown}
 l - 6 potions of curing {unknown}
 n - a potion of ambrosia {unknown}
Comestibles
 e - 5 rations


   Skills:
 + Level 0.1 Fighting
 + Level 2.0 Dodging
 + Level 2.0 Stealth
 + Level 3.5 Spellcasting
 + Level 6.2 Necromancy


You couldn't memorise any spells.
You knew the following spells:

 Your Spells              Type           Power        Failure   Level  Hunger
a - Pain                  Necr           ####         1%          1    None
b - Animate Skeleton      Necr           N/A          1%          1    None
c - Vampiric Draining     Necr           ####......   3%          3    ###....
d - Animate Dead          Necr           N/A          12%         4    ####...
z - Regeneration          Chrm/Necr      ##........   13%         3    ###....

Your spell library contained the following spells:

 Spells                   Type           Power        Failure   Level  Hunger


Dungeon Overview and Level Annotations

Branches:
Dungeon (4/15)
 Temple: D:4-7

Altars:
Yredelemnul

Annotations:
D:2 exclusion: black bear, Sigmund


Message History

The bullfrog skeleton hits you.
You hit the bullfrog skeleton.
The bullfrog skeleton is severely damaged.
The bullfrog skeleton hits you!
You barely miss the bullfrog skeleton.
The bullfrog skeleton is severely damaged.
The bullfrog skeleton misses you. The bullfrog skeleton hits you.
You hit the bullfrog skeleton.
The bullfrog skeleton is almost destroyed.
The bullfrog skeleton hits you!
* * * LOW HITPOINT WARNING * * *
The bullfrog skeleton hits you.
* * * LOW HITPOINT WARNING * * *
Casting: Animate Skeleton (safe; 1% risk of failure)
Confirm with . or Enter, or press ? or * to list all spells.
Your skin crawls.
The bullfrog skeleton hits you.
* * * LOW HITPOINT WARNING * * *
Your skin is crawling a little less now.
The bullfrog skeleton hits you.
You die...

.........#
#........#
+........#
#..(.....#
...###........#
.>$..........+
#+#.# #...#
#######.#.#######.#
.$......#...@Zs.?.#
..............#####
..............#
..(...........#
........#######
........#
#######'#####
#........#
#........#


You could see a giant cockroach and a bullfrog skeleton.

Vanquished Creatures
  A bullfrog (D:3)
  Jessica (D:3)
  An iguana (D:3)
  A hound skeleton (D:4)
  2 adders
  An ooze (D:2)
  3 worms
  A dart slug (D:1)
  3 leopard geckos
  An orc (D:3)
  9 bats
  5 giant cockroaches
  4 goblins
  12 hobgoblins
  10 kobolds
  A ball python (D:4)
  5 frilled lizards
  7 rats
68 creatures vanquished.

Vanquished Creatures (collateral kills)
  An adder (D:3)
  3 bats
  3 goblins
  2 gnoll zombies (D:3)
  2 rats (D:1)
11 creatures vanquished.

Grand Total: 79 creatures vanquished

Notes
Turn   | Place    | Note
-------+----------+-------------------------------------------
     0 | D:1      | Gumption the Human Necromancer began the quest for the Orb.
     0 | D:1      | Reached XP level 1. HP: 13/13 MP: 3/3
     3 | D:1      | Learned a level 1 spell: Animate Skeleton
   277 | D:1      | Reached XP level 2. HP: 19/19 MP: 5/5
   653 | D:1      | Reached XP level 3. HP: 22/24 MP: 3/6
   870 | D:1      | Learned a level 3 spell: Vampiric Draining
  1528 | D:2      | Noticed Sigmund
  1538 | D:2      | Noticed a black bear
  1674 | D:2      | Reached XP level 4. HP: 21/30 MP: 0/7
  1785 | D:2      | Reached skill level 5 in Necromancy
  2076 | D:3      | Noticed Jessica
  2079 | D:3      | Killed Jessica
  2086 | D:3      | Learned a level 3 spell: Regeneration
  2151 | D:3      | Reached XP level 5. HP: 22/35 MP: 4/9
  2826 | D:3      | Found a basalt altar of Yredelemnul.
  3158 | D:4      | Noticed an ogre
  3331 | D:4      | Noticed a bullfrog
  3338 | D:3      | Killed a bullfrog
  3338 | D:3      | Reached skill level 6 in Necromancy
  3338 | D:3      | Reached XP level 6. HP: 11/41 MP: 3/11
  3576 | D:3      | Learned a level 4 spell: Animate Dead
  3616 | D:4      | Noticed a phantom
  3889 | D:4      | Slain by a bullfrog skeleton

Levels and vault maps discovered:
D:1:      dpeg_arrival_stone_temple_mockup, layout_rooms, serial_rivers,
          chequers_serial_rivers_large_a, chequers_serial_rivers_micro_a,
          chequers_serial_rivers_room_a, chequers_serial_rivers_micro_e,
          chequers_serial_rivers_micro_a, chequers_serial_rivers_large_b
D:2:      layout_basic, chequers_temple_overflow_statue_of_worship, uniq_sigmund
D:3:      layout_loops_cross, lemuel_zombie_altar_yredelemnul, first_ration,
          minmay_fountain_box, minmay_misc_feat_plants, uniq_jessica
D:4:      cheibrodos_old_hovel, layout_basic, good_gods_temple_1,
          lightli_temple_of_fire, uniq_robin

Skill      XL: |  1  2  3  4  5 |
---------------+----------------+-----
Necromancy     | 5 6 |  6.2
Spellcasting   | 3 |  3.5
Fighting       | |  0.1
Dodging        | |  2.0
Stealth        | |  2.0

Action                   |  1- 3 |  4- 6 || total
-------------------------+-------+-------++-------
Melee: Spear             |    67 |    20 ||    87
       Dagger            |       |     6 ||     6
       Trident           |       |    25 ||    25
Throw: Stone             |     4 |     3 ||     7
       Javelin           |     3 |    26 ||    29
 Cast: Pain              |    54 |    47 ||   101
       Animate Skeleton  |    16 |    18 ||    34
       Regeneration      |       |     1 ||     1
 Stab: Distracted        |     1 |       ||     1
       Sleeping          |       |     2 ||     2
  Eat: Chunk             |     1 |     6 ||     7
       Ration            |     1 |       ||     1
Armor: Robe              |    26 |    10 ||    36
Dodge: Dodged            |    65 |    41 ||   106

Table legend:
 A = Non-vault XP
 B = Vault XP
 C = Vault XP percentage of total XP
 D = Non-vault monster count
 E = Vault monster count
 F = Vault count percentage of total count
                 A         B        C        D         E       F
            +---------+---------+-------+---------+---------+-------
      Total |     290 |      45 |  13.4 |      73 |       6 |   7.6
            +---------+---------+-------+---------+---------+-------
        D:1 |      42 |       0 |   0.0 |      28 |       0 |   0.0
        D:2 |      49 |       0 |   0.0 |      16 |       0 |   0.0
        D:3 |     180 |      41 |  18.6 |      26 |       4 |  13.3
        D:4 |      19 |       4 |  17.4 |       3 |       2 |  40.0
            +---------+---------+-------+---------+---------+-------
